 Dungeon Crawl Stone Soup version 0.24.0-2-g5b39cebb1c (webtiles) character file.

Game seed: 12577915035841421904, levelgen mode: deterministic

8277 Aviak the Spear-Bearer (level 11, 0/69 HPs)
             Began as a Tengu Abyssal Knight on Oct 30, 2019.
             Was an Elder of Lugonu.
             Slain by a shadow (24 damage)
             ... on level 11 of the Dungeon.
             The game lasted 00:19:23 (12439 turns).

Aviak the Spear-Bearer (Tengu Abyssal Knight)      Turns: 12439, Time: 00:19:24

Health: 0/69       AC:  8    Str: 15    XL:     11   Next: 28%
Magic:  17/17      EV: 18    Int: 12    God:    Lugonu [****..]
Gold:   479        SH:  4    Dex: 17    Spells: 10/10 levels left

rFire    . . .     SeeInvis .   a - +2 spear
rCold    . . .     Gourm    .   E - +0 buckler
rNeg     . . .     Faith    .   B - +0 ring mail (curse)
rPois    +         Spirit   .   (helmet restricted)
rElec    .         Reflect  .   J - +0 cloak {+Inv}
rCorr    .         Harm     .   (no gloves)
MR       .....                  (boots unavailable)
Stlth    +.........             (no amulet)
HPRegen  0.21/turn              g - +2 ring of strength
MPRegen  0.15/turn              P - ring of poison resistance

@: flying quickly and evasively, quick
A: beak, talons 3, able to fly
a: Stop Flying, Depart the Abyss, Bend Space, Banish, Corrupt, Renounce
Religion, Evoke Invisibility


You were on level 11 of the Dungeon.
You worshipped Lugonu.
Lugonu was greatly pleased with you.
You were hungry.

You visited 1 branch of the dungeon, and saw 11 of its levels.
You visited the Abyss 1 time.

You collected 479 gold pieces.

Inventory:

Hand Weapons
 a - a +2 spear (weapon)
 v - a +0 trident
Armour
 b - a +0 leather armour
 h - a +0 scale mail
 B - a cursed +0 ring mail (worn)
 E - a +0 buckler (worn)
 H - a cursed +0 leather armour
 I - a cursed -2 scale mail
 J - a +0 cloak of invisibility (worn)
Jewellery
 g - a +2 ring of strength (left hand)
 x - an uncursed ring of stealth
 y - an uncursed ring of stealth
 P - a ring of poison resistance (right hand)
Wands
 n - a wand of flame (11)
 F - a wand of polymorph (16)
 K - a wand of digging (6)
Scrolls
 d - a scroll of enchant weapon
 e - a scroll of magic mapping
 f - a scroll of noise {!r!r}
 i - a scroll of identify
 k - a scroll of immolation
 q - a scroll of summoning {unknown}
 r - 3 scrolls of remove curse
 t - 5 scrolls of teleportation
 u - 3 scrolls of blinking {unknown}
 w - 3 scrolls of fear
 z - a scroll of amnesia
 C - a scroll of fog {unknown}
 D - a scroll of enchant armour {unknown}
 G - 2 scrolls of brand weapon {unknown}
 L - a scroll of acquirement {unknown}
Potions
 j - a potion of resistance
 l - 2 potions of heal wounds {unknown}
 o - a potion of mutation {!q}
 p - a potion of brilliance
 s - 3 potions of degeneration {!q!q}
Comestibles
 m - 15 rations


   Skills:
 + Level 8.3 Fighting
 + Level 8.8 Polearms
 + Level 8.8 Armour
 + Level 8.5 Dodging
 + Level 7.2 Invocations


You had 10 spell levels left.
You didn't know any spells.
Your spell library contained the following spells:

 Spells                   Type           Power        Failure   Level  Hunger
 Confusing Touch          Hex            #.....       67%         1    ##.....
 Sandblast                Erth           #.....       67%         1    ##.....
 Passwall                 Tmut/Erth      #.......     82%         2    ###....
 Confuse                  Hex            #.......     96%         3    ####...
 Gell's Gravitas          Tloc           #.........   96%         3    ####...
 Stone Arrow              Conj/Erth      #.....       96%         3    ####...
 Petrify                  Tmut/Erth      #.......     100%        4    #####..
 Lee's Rapid Deconstruct  Erth           #.........   100%        5    ######.
 Metabolic Englaciation   Hex/Ice        #.........   100%        5    ######.
 Yara's Violent Unravell  Hex/Tmut       #.........   100%        5    ######.


Dungeon Overview and Level Annotations

Branches:
Dungeon (11/15)            Temple (0/1) D:6            Lair (0/6) D:8
    Orc (0/2) D:10

Altars:
Dithmenos
Hepliaklqana
Qazlal
Ru
Trog
Vehumet
Wu Jian
Xom

Annotations:
D:5 2 transporters


Innate Abilities, Weirdness & Mutations

You have a beak for a mouth.
You have claws for feet.
You can fly continuously.


Message History

Aim: an orc, wielding a +0 club You reach to attack!
You hit the orc.
The orc is almost dead.
The shadow strikes at you from the darkness!
Reactivating autopickup.
You hit the shadow but do no damage. Your kick misses the shadow.
The shadow is almost destroyed.
You closely miss the shadow. You claw the shadow, but do no damage.
You peck the shadow.
The shadow is almost destroyed.
The shadow slips into darkness.
The shadow flickers and vanishes!
Deactivating autopickup; reactivate with Ctrl-A.
Attack whom?
Press: ? - help, Dir - move target cursor, f/p - orc
Aim: an orc, wielding a +0 club (almost dead)
Something you can't see is in the way.
You closely miss something. You claw something. Your peck misses something.
The shadow strikes at you from the darkness!
You die...

....##.##..#
.....##.##..#
####..##.##..#
#..##.##..#
#..##.....#
#..##.....#
#..##.###.#
#.....# #.#
#)@...# #.#
#{###.# #.# #o
#.# #.# .. #..
..# ...
#.....# ##..
#.###.# #.. .#
#..


You could see an orc.

Vanquished Creatures
  A centaur skeleton (D:7)
  Grinder (D:3)
  2 hippogriffs
  3 hungry ghosts
  4 porcupines
  An orc warrior (D:10)
  3 ice beasts
  A hornet zombie (D:8)
  5 black bears
  2 phantoms
  2 centaurs
  5 ogres
  A crocodile (D:7)
  3 big kobolds
  10 bullfrogs
  5 scorpions
  11 killer bees
  A howler monkey (D:5)
  6 crimson imps
  6 hounds
  2 quasits
  3 bullfrog zombies
  9 orc wizards
  11 orc priests
  4 bullfrog skeletons
  8 jellies
  Ijyb (D:4)
  4 iguanas
  7 worker ants
  A hound zombie (D:5)
  6 gnolls
  17 adders
  3 shadow imps
  5 oozes (D:8)
  An adder skeleton (D:6)
  2 worms
  2 dart slugs
  5 leopard geckos
  48 orcs
  5 giant cockroaches
  4 goblins
  6 hobgoblins
  25 jackals
  19 kobolds
  11 quokkas
  A ball python (D:3)
  A ball python skeleton (D:5)
  6 bats
  4 frilled lizards
  2 leopard gecko skeletons
  7 rats
303 creatures vanquished.

Vanquished Creatures (others)
  A wizard (D:8)
  2 cyclopes
  A troll (D:10)
  4 ice beasts
  4 orc warriors
  A gnoll sergeant (D:8)
  A fungus (D:8)
14 creatures vanquished.

Grand Total: 317 creatures vanquished

Notes
Turn   | Place    | Note
-------+----------+-------------------------------------------
     0 | Abyss:1  | Aviak the Tengu Abyssal Knight began the quest for the Orb.
     0 | Abyss:1  | Reached XP level 1. HP: 14/14 MP: 3/3
    41 | Abyss:1  | Noticed a titan skeleton
    41 | Abyss:1  | Noticed a small abomination
    42 | D:1      | Escaped the Abyss
   235 | D:1      | You fall into a shaft and drop 1 floor!
   266 | D:2      | Reached XP level 2. HP: 4/19 MP: 4/4
   269 | D:2      | Reached * piety under Lugonu
   735 | D:2      | Reached XP level 3. HP: 23/23 MP: 5/5
   966 | D:2      | Reached XP level 4. HP: 25/28 MP: 6/6
  1942 | D:3      | Noticed Grinder
  1955 | D:3      | Paralysed by Grinder for 2 turns
  1961 | D:3      | HP: 2/42 [Grinder (6)]
  1963 | D:3      | Killed Grinder
  1963 | D:3      | Gained mutation: You can fly continuously. [Tengu growth]
  1963 | D:3      | Reached XP level 5. HP: 2/33 MP: 6/8
  1963 | D:3      | Reached XP level 6. HP: 2/38 MP: 6/9
  2795 | D:3      | Reached ** piety under Lugonu
  2893 | D:3      | Reached XP level 7. HP: 34/43 MP: 10/10
  2894 | D:3      | Found a faded altar of an unknown god.
  3193 | D:3      | Found a radiant altar of Vehumet.
  3914 | D:4      | Found an ornate altar of the Wu Jian Council.
  3914 | D:4      | Noticed Ijyb
  3915 | D:4      | Found a shadowy altar of Dithmenos.
  3955 | D:4      | Killed Ijyb
  4021 | D:4      | Found a shimmering altar of Xom.
  4266 | D:5      | Entered Level 5 of the Dungeon
  4266 | D:5      | Found a transporter.
  4266 | D:5      | Found a transporter.
  4266 | D:5      | Noticed a yak
  4269 | D:5      | Found a sacrificial altar of Ru.
  4287 | D:5      | Found a stormy altar of Qazlal.
  4384 | D:5      | Reached *** piety under Lugonu
  4425 | D:5      | Reached XP level 8. HP: 26/48 MP: 11/11
  4836 | D:5      | Reached skill level 5 in Fighting
  4836 | D:5      | Reached skill level 5 in Polearms
  4897 | D:5      | Reached skill level 5 in Armour
  5181 | D:6      | Reached skill level 5 in Dodging
  5266 | D:6      | HP: 2/75 [orc priest/divine providence (15)]
  5599 | D:6      | Reached **** piety under Lugonu
  5714 | D:6      | Found a staircase to the Ecumenical Temple.
  5752 | D:6      | Reached XP level 9. HP: 42/55 MP: 13/13
  6265 | D:7      | Reached skill level 5 in Invocations
  6964 | D:7      | Reached XP level 10. HP: 53/61 MP: 11/15
  7954 | D:8      | HP: 3/63 [porcupine (7)]
  8682 | D:8      | Found a bloodstained altar of Trog.
  8683 | D:8      | Noticed a wizard
  8689 | D:8      | Killed a wizard
  8854 | D:8      | Found a staircase to the Lair.
 10214 | D:9      | Noticed a cyclops
 10224 | D:9      | Banished a cyclops
 10468 | D:10     | Entered Level 10 of the Dungeon
 10502 | D:10     | Found a staircase to the Orcish Mines.
 10529 | D:10     | Reached XP level 11. HP: 14/68 MP: 17/17
 10531 | D:10     | HP: 3/68 [orc warrior/+0 trident (12)]
 11259 | D:10     | Found a hazy altar of Hepliaklqana.
 11815 | D:11     | Noticed a cyclops
 11820 | D:11     | Banished a cyclops
 12439 | D:11     | Slain by a shadow

Levels and vault maps discovered:
D:1:      wheals_arrival_shading, layout_basic, serial_bayou_lagoon_a
D:2:      layout_basic
D:3:      layout_basic, vehumet_crystals,
          chequers_ecumenical_altar_simple_redux, minmay_misc_feat_encased,
          st_stairs_9, uniq_grinder
D:4:      layout_rooms, gammafunk_temple_overflow_forgotten, first_ration,
          uniq_ijyb
D:5:      layout_gridville, gammafunk_temple_overflow_arena
D:6:      layout_cave_pods, minmay_temple_entry_overgrown,
          minmay_misc_feat_rugged
D:7:      layout_basic
D:8:      layout_cave_pools, due_lair_maze_entry_diamond,
          hangedman_little_slice_of_home, trog_wizard
D:9:      layout_roguey, lightli_minifort
D:10:     minmay_klotski, layout_long_grid, david_orc_2, basic_altar
D:11:     layout_long_grid, portal_ice_cave_entry_imps, minivault_15,
          ebering_dispersal_statue_hall, kennysheep_decorative_pillar

Skill      XL: |  1  2  3  4  5  6  7  8  9 10 11 |
---------------+----------------------------------+-----
Invocations    | 2 3 4 5 6 7 |  7.2
Dodging        | 2 3 4 5 6 8 |  8.5
Polearms       | 3 4 5 7 8 |  8.8
Fighting       | 4 5 6 7 8 |  8.3
Armour         | 3 4 5 7 8 |  8.8

Action                   |  1- 3 |  4- 6 |  7- 9 | 10-12 || total
-------------------------+-------+-------+-------+-------++-------
Melee: Spear             |    53 |   110 |   553 |   604 ||  1320
       Kick              |    12 |    25 |   155 |   182 ||   374
       Peck              |     4 |    13 |   103 |   115 ||   235
Invok: Depart the Abyss  |     1 |       |       |       ||     1
       Banish            |       |       |     3 |    10 ||    13
 Abil: Fly               |       |     1 |       |       ||     1
Evoke: Wand              |       |       |     3 |     2 ||     5
  Use: Potion            |       |     3 |     7 |     8 ||    18
       Scroll            |       |       |    11 |     4 ||    15
 Stab: Sleeping          |     1 |       |       |       ||     1
  Eat: Chunk             |       |     3 |    10 |    16 ||    29
       Ration            |       |     1 |     1 |     3 ||     5
Armor: Leather armour    |     4 |       |       |       ||     4
       Scale mail        |     9 |    20 |    42 |       ||    71
       Ring mail         |       |       |    70 |    72 ||   142
       Skin              |       |       |     6 |   103 ||   109
Dodge: Dodged            |    26 |    48 |   339 |   305 ||   718
Block: Buckler           |       |       |     1 |    88 ||    89
